Description

Don't stop Probes until you hit 75 Probes.

First units out should be:

1) Stalker 2) Stalker 3) Sentry 4) Observer 5) Immortal

And then Stalkers and Colossi until 140 Supply then Zealots until 200.

"My take on the new patch with another Bronze to GM series. I will show you what I think the most optimal ways to play each division of each league are and give you many tips along the way. Just looking to help players improve! -- Watch live at https://www.twitch.tv/vibelol"

VOD

https://www.youtube.com/watch?v=p4Gq_KujG7s&list=PLFeZeom2b4DkUU4sLER4AlODlZuxfbTJZ&index=1

Build Order

Get SALT Encoding   

  14  0:19  Pylon  
  16  0:37  Gateway  
  17  0:49  Assimilator  
  19  1:03  Pylon  
  20  1:20  Assimilator  
  21  1:30  Cybernetics Core  
  23  2:00  Nexus  
  23  2:09  Stalker (Chrono Boost)  
  25  2:16  Gateway  
  26  2:28  Pylon  
  27  2:39  Stalker  
  30  2:57  Pylon  
  31  3:05  Sentry  
  33  3:14  Robotics Facility  
  43  3:49  Assimilator x2  
  45  3:55  Pylon x2  
  52  4:26  Robotics Bay  
  52  4:28  Gateway  
  54  4:31  Forge  
  66  5:23  Nexus  
  66  5:24  Pylon x4  
  103  6:55  Assimilator x2  
  105  6:58  Forge, Twilight Council  
  108  7:15  Gateway x4  
  108  7:40  Nexus  
  116  7:50  Pylon x4  
  121  8:06  Charge  
  156  8:53  Pylon x3  
  156  8:59  Templar Archives  
  170  9:17  Pylon x2  
  190  10:00  Assimilator x2  
Spawning Tool Build Advisor. Get it on Overwolf

Go to:

Details

  • Created by: djryanash
  • Published on: Aug 08, 2019
  • Modified on: Aug 09, 2019
  • Patch: 4.7.1
Show
View Real Time Build Order
Export as new Build Order

Comments (0)

There are no comments. Be the first!

Create an account to comment!